 Dungeon Crawl Stone Soup version 0.30-a0-652-gcc886f7154 (webtiles) character file.

Game seed: 15201114425608893911

248 zeratav the Magician (level 6, -2/40 HPs)
             Began as a Djinni Conjurer on Jan 17, 2023.
             Killed by divine providence
             ... invoked by an orc priest
              (11 damage)
             ... on level 3 of the Dungeon.
             The game lasted 00:05:12 (2264 turns).

zeratav the Magician (Djinni Conjurer)              Turns: 2264, Time: 00:05:12

Health: -2/40      AC:  2    Str:  6    XL:     6   Next: 34%
Gold:   46         EV: 12    Int: 22    God:
                   SH:  0    Dex: 11

rFire   + + .      SeeInvis .    c - +0 whip {mace}
rCold   x . .      Faith    .    (no shield)
rNeg    . . .      Spirit   .    a - +0 robe
rPois   ∞          Reflect  .    (no helmet)
rElec   .          Harm     .    (no cloak)
rCorr   .          Rampage  .    (no gloves)
Will    .....                    (boots unavailable)
Stlth   ++                       (no amulet)
HPRegen 0.26/turn                (no ring)
MPRegen 0.00/turn                (no ring)

@: flying
A: sickness immunity, fire resistance 2, cold vulnerability 1, float, innate
caster, HP casting, extra vitality 1
a: no special abilities


You were on level 3 of the Dungeon.
You visited 1 branch of the dungeon, and saw 3 of its levels.

You collected 72 gold pieces.
You spent 26 gold pieces at shops.


Innate Abilities, Weirdness & Mutations

You are immune to sickness and miasma.
You are immune to poison.
Your flesh is very heat resistant. (rF++)
You are vulnerable to cold. (rC-)
You float through the air rather than walking.
You learn spells naturally, not from books.
Your magical power is your life essence.
You have superior vitality. (+4 MHP)


   Skills:
 - Level 2.1 Dodging
 - Level 1.5 Stealth
 + Level 5.6 Spellcasting


You couldn't memorise any spells.
You knew the following spells:

 Your Spells              Type           Power      Damage    Failure   Level
a - Magic Dart            Conj           100%       1d8       1%          1
b - Searing Ray           Conj           62%        2d6       1%          2
c - Dazzling Flash        Conj/Hex       62%        N/A       2%          3
d - Fulminant Prism       Conj/Hex       15%        3d10      10%         4
e - Iskenderun's Mystic   Conj/Tloc      31%        2d8       10%         4
f - Slow                  Hex            100%       N/A       1%          1
g - Momentum Strike       Conj/Tloc      62%        3d9       1%          2
Your spell library was empty.

Inventory:

Hand Weapons
 c - a +0 whip (weapon) {mace}
   (You found it on level 1 of the Dungeon)
 d - a +0 vampiric whip {mace}
   (You found it on level 1 of the Dungeon)
Armour
 a - a +0 robe (worn)
Scrolls
 e - a scroll of vulnerability {unknown}
 f - a scroll of magic mapping {!r}
 h - a scroll of torment {!r}
 i - 2 scrolls of teleportation {@r4}
 k - a scroll of amnesia {unknown}
Potions
 b - a potion of magic
 g - a potion of flight {unknown}
 j - 2 potions of lignification {unknown}

Dungeon Overview and Level Annotations

Branches:
Dungeon (3/15) Zot: 15733

Altars:

Shops:
D:2

? #######†## #..# #.#..#
#........# #..###.#..#
#........####....#.#..###
#......).'.........#.....
#........####....#.##.###
#.....)..# #....#.......
#..(.....####....###.####
#..........##............
#.......@.>##......######
#..........+.....#.......
#..........##....#.######
#.......o#####...........
#.......o#####.#.########
#...........o......#
#########.o####o.##.#
.................# .#
#######.......o##.# #


You could see an orc priest and 2 orcs.


Message History

You see here an adder corpse.
You reach down and open the door.
There is an open door here.
A ball python and a worm come into view.
The worm moves out of view.
HP[+8]
Your hp is fully restored (40).
A ball python is nearby!
A ball python is nearby!
The magic dart hits the ball python.
HP[-1]
You take 1 damage, and now have 39/40 hp.
The magic dart hits the ball python.
You miscast Magic Dart.
You are very lightly contaminated with residual magic.
Nothing appears to happen.
HP[-1]
You take 1 damage, and now have 38/40 hp.
The magic dart hits the ball python!
You kill the ball python!
HP[-1]
You take 1 damage, and now have 37/40 hp.
The magic dart hits the worm.
HP[-1]
You take 1 damage, and now have 36/40 hp.
The magic dart hits the worm!
The magic dart hits the worm.
HP[-1]
You take 1 damage, and now have 35/40 hp.
The magic dart hits the worm!
You kill the worm!
HP[-1]
You take 1 damage, and now have 34/40 hp.
You can't see any susceptible monsters within range! (Use Z to cast anyway.)
You can't see any susceptible monsters within range! (Use Z to cast anyway.)
Your magical contamination has completely faded away.
Found a stone staircase leading down.
HP[+6]
Your hp is fully restored (40).
e - a scroll labelled FIT BIGAPILOE 3 orcs and an orc priest come into view.
The orc shouts! x2; The orc priest shouts!
An orc wizard comes into view.
It is wielding a +0 dagger and wearing a +1 robe of willpower.
Casting: Magic Dart (safe; 1% risk of failure)
Confirm with . or Enter, or press ? or * to list all spells.
The spell is quite dangerous to miscast (10% risk of failure)!
Continue anyway?
Aiming: Fulminant Prism (quite dangerous; 10% risk of failure)
Press: ? - help, Dir - move target You miscast Fulminant Prism.
You are very lightly contaminated with residual magic.
Waves of light ripple over your body.
You feel yourself slow down.
The orc wizard shouts!
The orc wizard gestures wildly while chanting.
The orc wizard flickers and vanishes!
Deactivating autopickup; reactivate with Ctrl-A.
The orc priest mumbles some strange prayers to Beogh against you.
You struggle to resist.
HP[-4]
You take 4 damage, and now have 36/40 hp.
Casting: Fulminant Prism (quite dangerous; 10% risk of failure)
Confirm with . or Enter, or press ? or * to list all spells.
The spell is quite dangerous to miscast (10% risk of failure)!
Continue anyway?
Aiming: Fulminant Prism (quite dangerous; 10% risk of failure)
Press: ? - help, Dir - move target You miscast Fulminant Prism.
Nothing appears to happen.
HP[-3]
You take 3 damage, and now have 33/40 hp.
The orc priest calls down the wrath of Beogh upon you.
Pain shoots through your body!
HP[-8]
You take 8 damage, and now have 25/40 hp.
HP[+1]
The orc priest attacks as you move away!
The orc priest hits you but does no damage.
You feel yourself speed up.
The orc priest invokes the aid of Beogh against you.
Beogh smites you!
* * * LOW HITPOINT WARNING * * *
HP[-9]
You take 9 damage, and now have 17/40 hp.
MASSIVE DAMAGE!! (PAUSE) HP[+1]
The orc priest invokes the aid of Beogh against you.
Pain shoots through your body!
* * * LOW HITPOINT WARNING * * *
HP[-10]
You take 10 damage, and now have 8/40 hp.
MASSIVE DAMAGE!! (PAUSE)
A puff of flame appears from out of thin air!
The puff of flame hits you. You resist.
* * * LOW HITPOINT WARNING * * *
HP[-2]
You take 2 damage, and now have 6/40 hp.
HP[+1]
Your magical contamination has completely faded away.
HP[+1]
The orc priest invokes the aid of Beogh against you.
Beogh smites you!
You die...

Skill      XL: |  1  2  3 |
---------------+----------+-----
Spellcasting   | 5 |  5.6
Dodging        | |  2.1
Stealth        | |  1.5

Action                   |  1- 3 |  4- 6 || total
-------------------------+-------+-------++-------
 Cast: Magic Dart        |    60 |    25 ||    85
       Searing Ray       |     1 |     1 ||     2
       Momentum Strike   |       |     2 ||     2
  Use: Scroll            |     3 |       ||     3
Armor: Robe              |       |     2 ||     2
Dodge: Dodged            |     4 |     5 ||     9

Levels and vault maps discovered:
D:1:      amcnicky_arrival_choice, layout_basic, hangedman_decor_points
D:2:      layout_basic, serial_shops, nicolae_shop_crystal,
          shapermc_ecumenical_altar_pompeii, minmay_fountain_box,
          minmay_shallow_snake_nest, uniq_sigmund
D:3:      layout_basic, minmay_randomly_rotated_circles, uniq_robin,
          uniq_terence

Notes
Turn   | Place    | Note
-------+----------+-------------------------------------------
     0 | D:1      | zeratav the Djinni Conjurer began the quest for the Orb.
     0 | D:1      | zeratav set off with the following spells memorised: Magic
                  | Dart, Searing Ray, Dazzling Flash, Fulminant Prism,
                  | Iskenderun's Mystic Blast.
     0 | D:1      | Reached XP level 1. HP: 15/15 MP: 0/0
     0 | D:1      | magus.rc [v1.9.6]
   193 | D:1      | Reached XP level 2. HP: 16/21 MP: 0/0
   613 | D:1      | Reached XP level 3. HP: 13/25 MP: 0/0
   613 | D:1      | Learned a level 1 spell: Slow
   883 | D:2      | Reached skill level 4 in Spellcasting
  1063 | D:2      | Noticed Sigmund
  1169 | D:2      | Found Jageplus's Magic Scroll Boutique.
  1177 | D:2      | Bought a scroll of identify for 26 gold pieces
  1341 | D:2      | HP: 5/25 [Sigmund/magic dart (9)]
  1342 | D:2      | Killed Sigmund
  1343 | D:2      | Reached skill level 5 in Spellcasting
  1343 | D:2      | Reached XP level 4. HP: 6/31 MP: 0/0
  1343 | D:2      | Reached XP level 5. HP: 6/35 MP: 0/0
  1343 | D:2      | Learned a level 2 spell: Momentum Strike
  1343 | D:2      | Reached XP level 6. HP: 7/40 MP: 0/0
  1886 | D:2      | Found a faded altar of an unknown god.
  2100 | D:3      | Noticed Terence
  2104 | D:3      | Killed Terence
  2253 | D:3      | HP: 8/40 [orc priest/nerve-wracking pain (10)]
  2264 | D:3      | Killed from afar by an orc priest

Vanquished Creatures
  Sigmund (D:2)
  Terence (D:3)
  2 adders
  A worm (D:3)
  A dart slug (D:1)
  7 ball pythons
  A bat (D:2)
  4 endoplasms (D:1)
  A giant cockroach (D:1)
  5 goblins
  4 hobgoblins
  3 quokkas
  3 frilled lizards
  4 kobolds
  4 rats
42 creatures vanquished.

Table legend:
 A = Non-vault XP
 B = Vault XP
 C = Vault XP percentage of total XP
 D = Non-vault monster count
 E = Vault monster count
 F = Vault count percentage of total count
                 A         B        C        D         E       F
            +---------+---------+-------+---------+---------+-------
      Total |      76 |     279 |  78.6 |      37 |       5 |  11.9
            +---------+---------+-------+---------+---------+-------
        D:1 |      37 |       0 |   0.0 |      21 |       0 |   0.0
        D:2 |      19 |     247 |  92.9 |      12 |       4 |  25.0
        D:3 |      20 |      32 |  61.5 |       4 |       1 |  20.0
            +---------+---------+-------+---------+---------+-------

Illustrated notes

Table legend:
 A = Kills in this place as a percentage of kills in entire the game.
 B = Kills by you in this place as a percentage of kills by you in the entire game.
 C = Kills by friends in this place as a percentage of kills by friends in the entire game.
 D = Other kills in this place as a percentage of other kills in the entire game.
 E = Experience gained in this place as a percentage of experience gained in the entire game.
 F = Experience gained in this place divided by the number of levels of this place that you have seen.
                   A       B       C       D       E      F
               +-------+-------+-------+-------+-------+----------------------
         Total | 100.0 | 100.0 |   N/A |   N/A | 100.0 | 118.3
       Dungeon | 100.0 | 100.0 |   N/A |   N/A | 100.0 | 118.3
               +-------+-------+-------+-------+-------+----------------------

Table legend: (Time is in decaauts)
 A = Elapsed time spent in this place.
 B = Non-inter-level travel time spent in this place.
 C = Inter-level travel time spent in this place.
 D = Time resting spent in this place.
 E = Time spent auto-exploring this place.
 F = Levels seen in this place.
 G = Mean time per level.
                   A        B        C        D        E       F      G
               +--------+--------+--------+--------+--------+-----+--------+
         Total |   2265 |   2241 |     24 |      0 |   1960 |   3 |  755.0 |
       Dungeon |   2265 |   2241 |     24 |      0 |   1960 |   3 |  755.0 |
               +--------+--------+--------+--------+--------+-----+--------+

Top non-repeatable levels by time:
     D:2: 1212 daAuts
     D:1: 880 daAuts
     D:3: 172 daAuts
